 Dungeon Sprint DCSS version 0.21-a0-91-ga5031da (webtiles) character file.

46 Kidiri the Insei (level 3, -2/30 HPs)
             Began as a Draconian Transmuter on June 28, 2017.
             Was a Believer of Wu Jian.
             Slain by a gnoll shaman
             ... wielding a +0 club
              (8 damage)
             ... while paralysed
             ... in the Dungeon (Sprint VII: "The Pits").
             The game lasted 00:01:36 (221 turns).

Kidiri the Insei (Draconian Transmuter)              Turns: 221, Time: 00:01:37

Health: -2/30      AC:  5    Str: 12    XL:     3   Next: 46%
Magic:  5/7        EV:  2    Int: 13    God:    Wu Jian [**....]
Gold:   0          SH:  0    Dex: 12    Spells: 4/7 levels left

rFire    . . .     SeeInvis .     - Unarmed
rCold    . . .     Gourm    .   (no shield)
rNeg     . . .     Faith    .   (armour unavailable)
rPois    .         Spirit   .   (helmet restricted)
rElec    .         Reflect  .   (no cloak)
rCorr    .         Harm     .   (no gloves)
MR       .....     NoTele   +   (boots currently unavailable)
Stlth    ++........             (no amulet)
HPRegen  0.10/turn              (no ring)
MPRegen  0.10/turn              (no ring)

@: paralysed, appendage (expiring), berserk cooldown, slowed
A: unfitting armour, talons 3, cold-blooded, AC +5
a: End Transformation, Renounce Religion


You were in the Dungeon.
You worshipped Wu Jian.
Wu Jian was pleased with you.
You were not hungry.
You had grown temporary talons.
You visited 1 branch

Inventory:

Missiles
 a - 12 arrows
Scrolls
 i - a scroll of blinking
 k - 3 scrolls of remove curse
 l - 5 scrolls of amnesia
 m - a scroll of summoning
Potions
 d - a potion of curing
 f - a potion of haste
 g - 4 potions of magic
 h - 2 potions of berserk rage
 j - 2 potions of invisibility
Books
 b - a book of Changes

   Spells                             Type                      Level
   a - Beastly Appendage              Transmutation                1
   b - Sticks to Snakes               Transmutation                2
   c - Spider Form                    Transmutation/Poison         3
   d - Ice Form                       Ice/Transmutation            4
   e - Blade Hands                    Transmutation                5
Comestibles
 c - 8 bread rations
 n - 40 fruits
 o - 7 meat rations
 p - 2 chunks of flesh


   Skills:
 + Level 2.5 Fighting
 * Level 3.3 Dodging
 + Level 2.1 Stealth
 * Level 4.4 Unarmed Combat
 + Level 2.7 Spellcasting
 * Level 3.8 Transmutations


You had 4 spell levels left.
You knew the following spells:

 Your Spells              Type           Power        Failure   Level  Hunger
a - Beastly Appendage     Tmut           ##....       4%          1    #......
b - Sticks to Snakes      Tmut           ##......     8%          2    ###....


Dungeon Overview and Level Annotations

Branches:
Dungeon (1/1)

Altars:
Ashenzari
Cheibriados
Dithmenos
Elyvilon
Fedhas
Gozag
Hepliaklqana
Kikubaaqudgha
Makhleb
Nemelex Xobeh
Okawaru
Qazlal
Ru
Sif Muna
Trog
Uskayaw
Vehumet
Wu Jian
Xom
Yredelemnul
Zin
The Shining One
Beogh
Jiyva
Lugonu


Innate Abilities, Weirdness & Mutations

Your plain brown scales are hard. (AC +5)
You cannot fit into any form of body armour.
You are cold-blooded and may be slowed by cold attacks.
You have claws for feet.


Message History

a flail; a spear; a gnoll corpse You feel a strong urge to attack something.
The gnoll shaman shouts!
You hear a shout!
There is no target in range.
There is no target in range.
There is no target in range.
There is no target in range.
There is no target in range.
There is no target in range.
Unknown command.
There isn't anything here!
Unknown command.
You are no longer berserk.
You pass out from exhaustion.
You feel yourself slow down.
Your transformation is almost over.
The gnoll shaman hits you with a club!
* * * LOW HITPOINT WARNING * * *
The gnoll shaman hits you with a club!
You die...

#_______...###########+
##########+##..........
#.?(.+)))+.##......#..#
##########.##..........
#...........'..........
#+#####'#####......#..#
#...#)# #..........
#...#)# ####+#####+
#..g@.# #.......#
##'#### #.......# #...
#.......# #....
#...<...# #...rg
#.......# #......
#.......# ########
#.......# #########


You could see a gnoll shaman.

Vanquished Creatures
  A river rat (D)
  An adder (D)
  2 gnolls (D)
  An ufetubus (D)
  A hobgoblin (D)
  A quokka (D)
  A ball python (D)
  A rat (D)
9 creatures vanquished.

Notes
Turn   | Place    | Note
-------+----------+-------------------------------------------
     0 | D        | Kidiri the Draconian Transmuter began the quest for the Orb.
     0 | D        | Reached XP level 1. HP: 16/16 MP: 3/3
    47 | D        | Found a bloodstained altar of Trog.
    47 | D        | Found a deep blue altar of Sif Muna.
    47 | D        | Found a viscous altar of Jiyva.
    47 | D        | Found a hazy altar of Hepliaklqana.
    47 | D        | Found an opulent altar of Gozag.
    48 | D        | Found a glowing golden altar of the Shining One.
    48 | D        | Found a glowing silver altar of Zin.
    48 | D        | Found a basalt altar of Yredelemnul.
    48 | D        | Found a shimmering altar of Xom.
    48 | D        | Found an ornate altar of the Wu Jian Council.
    48 | D        | Found a sacrificial altar of Ru.
    48 | D        | Found a stormy altar of Qazlal.
    48 | D        | Found an iron altar of Okawaru.
    48 | D        | Found a sparkling altar of Nemelex Xobeh.
    48 | D        | Found a burning altar of Makhleb.
    48 | D        | Found a blossoming altar of Fedhas.
    48 | D        | Found a white marble altar of Elyvilon.
    48 | D        | Found a shadowy altar of Dithmenos.
    48 | D        | Found a snail-covered altar of Cheibriados.
    50 | D        | Found a radiant altar of Vehumet.
    50 | D        | Found a corrupted altar of Lugonu.
    50 | D        | Found a roughly hewn altar of Beogh.
    51 | D        | Found a hide-covered altar of Uskayaw.
    51 | D        | Found an ancient bone altar of Kikubaaqudgha.
    51 | D        | Found a shattered altar of Ashenzari.
    59 | D        | Became a worshipper of the Wu Jian Council
    87 | D        | Reached skill level 1 in Stealth
    87 | D        | Reached XP level 2. HP: 16/24 MP: 3/5
    94 | D        | Learned a level 2 spell: Sticks to Snakes
   191 | D        | Reached * piety under Wu Jian
   209 | D        | Reached skill level 4 in Unarmed Combat
   213 | D        | Reached ** piety under Wu Jian
   213 | D        | Reached XP level 3. HP: 21/30 MP: 4/6
   221 | D        | Slain by a gnoll shaman

Vault maps used:
D:        pitsprint

Skill      XL: |  1  2  3 |
---------------+----------+-----
Dodging        | 2 3 |  3.3
Stealth        | 1 2 |  2.1
Fighting       | 2 |  2.5
Transmutations | 3 |  3.8
Unarmed Combat | 4 |  4.4
Spellcasting   | |  2.7

Action                   || total
-------------------------++-------
Melee: Unarmed           ||    31
       Tailslap          ||     4
       Kick              ||     3
       Headbutt          ||     1
 Cast: Beastly Appendage ||     5
  Use: Potion            ||     2
Armor: Skin              ||     6
Dodge: Dodged            ||    24
